 Dungeon Crawl Stone Soup version 0.21-a0-39-g28ea6b7 (webtiles) character file.

216818 KristoblXynda the Peltast (level 18, -12/135 HPs)
             Began as a Pale Draconian Artificer on June 2, 2017.
             Was the Champion of Okawaru.
             Killed from afar by a nagaraja (39 damage)
             ... with a poison arrow
             ... on level 4 of the Snake Pit.
             The game lasted 02:44:19 (40983 turns).

KristoblXynda the Peltast (DrAr)                   Turns: 40983, Time: 02:44:20

Health: -12/135    AC: 19    Str: 27    XL:     18   Next: 37%
Magic:  35/35      EV: 21    Int: 15    God:    Okawaru [******]
Gold:   570        SH: 16    Dex: 17    Spells: 24/32 levels left

rFire    + + +     SeeInvis +   x - +8 scimitar (elec)
rCold    + . .     Gourm    .   K - +1 shield {rN+}
rNeg     + + .     Faith    .   (armour unavailable)
rPois    .         Spirit   .   n - +2 hat of the Seven Dreams {rN+ Dex+3}
rElec    +         Reflect  .   g - +1 cloak of Goschash {*Drain rF+++ Str+5 Dex-4}
rCorr    .         Harm     .   C - +2 pair of gloves {Dex+3}
MR       +....                  N - +1 pair of boots of the Hidden Dreams {+Inv rElec}
Stlth    +++++.....             c - amulet "Vopenyc" {rC+ Regen+}
Regen    0.8/turn               O - ring "Qarhudgh" {*Corrode MP+9 Str+6 SInv}
MPRegen  0.3/turn               I - +5 ring of evasion

@: lethally poisoned (-12 -> -15), short of breath, constricted
A: breathe steam, unfitting armour, horns 1, stinger 1, talons 2, fire
resistance 1, low mp 1, wild magic 1, evolution 1, cold-blooded, AC +10
}: 1/15 runes: decaying
a: Breathe Steam, Heroism, Finesse, Renounce Religion, Evoke Invisibility


You were on level 4 of the Snake Pit.
You worshipped Okawaru.
Okawaru was exalted by your worship.
You were not hungry.

You visited 6 branches of the dungeon, and saw 32 of its levels.
You also visited: Ice Cave.

You collected 3238 gold pieces.
You spent 2668 gold pieces at shops.

Inventory:

Hand Weapons
 x - a +8 scimitar of electrocution (weapon)
Missiles
 w - 6 javelins of returning (quivered)
 A - 6 silver javelins
Armour
 g - the +1 cloak of Goschash (worn) {*Drain rF+++ Str+5 Dex-4}
   (Okawaru gifted it to you on level 9 of the Dungeon)

   It affects your strength (+5).
   It affects your dexterity (-4).
   It renders you almost immune to fire.
   It causes draining when unequipped.
 n - the +2 hat of the Seven Dreams (worn) {rN+ Dex+3}
   (Okawaru gifted it to you on level 1 of the Snake Pit)

   It affects your dexterity (+3).
   It protects you from negative energy.
 o - a +1 pair of boots of running
 C - a +2 pair of gloves of dexterity (worn)
 K - a +1 shield of positive energy (worn)
 N - the +1 pair of boots of the Hidden Dreams (worn) {+Inv rElec}
   (Okawaru gifted it to you on level 1 of the Swamp)

   It insulates you from electricity.
   It lets you turn invisible.
Jewellery
 c - the amulet "Vopenyc" (around neck) {rC+ Regen+}
   (You bought it in a shop on level 2 of the Snake Pit)

   [amulet of regeneration]

   It protects you from cold.
   It increases your rate of regeneration.
 I - a +5 ring of evasion (right hand)
 O - the ring "Qarhudgh" (left hand) {*Corrode MP+9 Str+6 SInv}
   (You found it on level 6 of the Lair of Beasts)

   [ring of strength]

   It affects your strength (+6).
   It affects your magic capacity (+9).
   It lets you see invisible.
   It may corrode you when you take damage.
Wands
 y - a wand of scattershot (6/9)
 F - a wand of digging (0/24)
 L - a wand of paralysis (2/24)
Scrolls
 a - 3 scrolls of fog
 k - a scroll of magic mapping
 u - 8 scrolls of teleportation
 B - a scroll of summoning
 D - 9 scrolls of identify
 H - 2 scrolls of remove curse
Potions
 b - 3 potions of flight
 j - 2 potions of haste
 m - 3 potions of agility
 p - 7 potions of brilliance
 q - 4 potions of magic
 r - a potion of invisibility
 s - 2 potions of resistance
 G - a potion of lignification
 P - 5 potions of mutation
 Q - a potion of heal wounds
Books
 h - a book of Minor Magic

   Spells                             Type                      Level
   a - Magic Dart                     Conjuration                  1
   b - Blink                          Translocation                2
   c - Call Imp                       Summoning                    2
   d - Slow                           Hexes                        2
   e - Conjure Flame                  Conjuration/Fire             3
   f - Mephitic Cloud                 Conjuration/Poison/Air       3
 v - a book of Misfortune

   Spells                             Type                      Level
   a - Confusing Touch                Hexes                        1
   b - Confuse                        Hexes                        3
   c - Gell's Gravitas                Translocation                3
   d - Petrify                        Transmutation/Earth          4
   e - Metabolic Englaciation         Hexes/Ice                    5
   f - Yara's Violent Unravelling     Hexes/Transmutation          5
Miscellaneous
 d - a lightning rod (4/4)
 E - a lamp of fire
Comestibles
 f - 14 bread rations
 z - 10 meat rations


   Skills:
 - Level 6.0 Fighting
   Level 5.4(11.2) Short Blades
 - Level 14.7(15.0) Long Blades
 - Level 5.0 Throwing
 - Level 10.1 Dodging
 - Level 10.1 Stealth
 - Level 15.1 Shields
 + Level 7.8 Spellcasting
 - Level 5.0 Hexes
 + Level 6.2 Summonings
 + Level 5.0 Translocations
 + Level 8.8 Invocations
 - Level 15.1 Evocations


You had 24 spell levels left.
You knew the following spells:

 Your Spells              Type           Power        Failure   Level  Hunger
a - Confuse               Hex            ####....     8%          3    ##.....
b - Summon Forest         Summ/Tloc      ####......   41%         5    #####..


Dungeon Overview and Level Annotations

Branches:
Dungeon (15/15)            Temple (1/1) D:4            Lair (6/6) D:8
  Swamp (4/4) Lair:3        Snake (4/4) Lair:2        Slime (0/5) Lair:6
    Orc (2/2) D:11            Elf (0/3) Orc:2        Vaults (0/5) D:14
 Depths (0/5) D:15

Altars:
Ashenzari
Cheibriados
Dithmenos
Elyvilon
Fedhas
Gozag
Hepliaklqana
Kikubaaqudgha
Makhleb
Nemelex Xobeh
Okawaru
Qazlal
Ru
Sif Muna
Trog
Uskayaw
Vehumet
Wu Jian
Xom
Yredelemnul
Zin
The Shining One
Beogh
Jiyva

Shops:
D:9 !   D:13 *   D:14 *   D:15 %   Orc:2 }(:??   Snake:2 =


Innate Abilities, Weirdness & Mutations

You can breathe blasts of scalding, opaque steam.
Your pale cyan-grey scales are hard. (AC +10)
You cannot fit into any form of body armour.
You are cold-blooded and may be slowed by cold attacks.
You have a pair of small horns on your head.
Your tail ends in a poisonous barb.
You have razor-sharp toenails.
Your flesh is heat resistant. (rF+)
Your magical capacity is low. (-10% MP)
Your spells are a little harder to cast, but a little more powerful.
You evolve.


Message History

The naga sharpshooter mumbles some strange words.
The naga sharpshooter magically shoots a bolt.
The bolt hits you. The nagaraja hits you with a spear!
The nagaraja constricts you.
The anaconda is engulfed in a cloud of scalding steam.
The naga mage is engulfed in a cloud of scalding steam.
You feel better. The nagaraja hits you with a spear!!
* * * LOW HITPOINT WARNING * * *
The nagaraja constricts you.
The naga mage is engulfed in a cloud of scalding steam.
Unknown command.
As you read the scroll of fear, it crumbles to dust.
You assume a fearsome visage.
The anaconda looks frightened!
The naga mage easily resists.
The naga sharpshooter looks frightened!
The naga resists with almost no effort.
The nagaraja resists with almost no effort.
The nagaraja gestures at you while chanting.
The poison arrow hits you!
You are poisoned.
You die...

..##...............##
....†...............#
.....).†............#
###.................#
#......#####+#N(..#
#......#..#.S#N#..#
##.....+.....'N#..#
#.....#.....#N#N.#
#.....#.....#@#N.N
#.....###...#.#S...
#####.#N..N# ..##..##
.... ..... .......
+#...... #......#


You could see a nagaraja, a naga sharpshooter (fleeing), an anaconda (fleeing),
a naga mage and a naga.

Vanquished Creatures
  Vashnia (Snake:2)
  A bone dragon (Swamp:4)
  An Ice Fiend (IceCv)
  A tentacled monstrosity (Swamp:4)
  The ghost of Kenran the Fencer, an adept HuBe of Trog (Snake:2)
  Kirke (Swamp:3)
  A nagaraja (Snake:3)
  Aizul (Snake:2)
  Erolcha (D:11)
  2 ogre magi (D:15)
  21 hydras
  2 ice dragons (D:15)
  8 naga warriors
  A vault guard (D:14)
  16 anacondas
  5 centaur warriors
  2 catoblepae
  A ghost crab (Swamp:4)
  A death knight (D:14)
  8 two-headed ogres
  A queen ant (Lair:3)
  9 alligators
  3 shock serpents
  15 naga sharpshooters
  4 salamander mystics
  The ghost of anet the Vexing, a novice DEWz of Ashenzari (D:8)
  6 skeletal warriors
  A death drake (Swamp:4)
  2 spriggan druids (Swamp:4)
  A sea snake (Snake:4)
  7 swamp dragons
  3 unseen horrors
  2 shambling mangroves
  3 naga ritualists
  3 spectral hydras (Swamp:4)
  3 phantasmal warriors (Swamp:4)
  11 mana vipers
  A wolf spider (D:15)
  A wolf spider zombie (D:14)
  An ugly thing (D:11)
  An oklob plant (D:12)
  9 orc sorcerers (Orc:2)
  A necromancer (D:15)
  3 orc knights
  2 deep elf magi
  13 salamanders
  4 cyclopes
  5 elephants (Lair:6)
  4 ice statues (IceCv)
  The ghost of blackwizard the Caller, a novice TrSu of Gozag (D:6)
  3 gargoyles
  2 guardian serpents
  24 black mambas
  Psyche (D:12)
  15 naga magi
  10 rime drakes
  18 spiny frogs
  An efreet (D:14)
  A freezing wraith (D:14)
  An anaconda simulacrum (IceCv)
  3 swamp worm zombies (Swamp:4)
  10 komodo dragons
  A hydra zombie (Swamp:4)
  12 ice devils (IceCv)
  11 polar bears
  9 trolls
  9 hornets
  A wolf spider simulacrum (D:15)
  5 tyrant leeches
  20 slime creatures
  4 alligator zombies (Swamp:4)
  A raiju (shapeshifter) (D:15)
  3 raiju (Lair:6)
  12 hippogriffs
  8 bog bodies
  13 dream sheep (Lair:6)
  14 blink frogs
  2 centaur simulacra
  4 spectral swamp dragons (Swamp:4)
  2 wyverns
  6 spriggans
  A tarantella (shapeshifter) (D:14)
  A yak (shapeshifter) (D:12)
  3 wraiths
  4 shadows
  50 yaks
  2 dire elephant simulacra (IceCv)
  4 hogs (Swamp:3)
  4 basilisks
  5 hungry ghosts
  15 vampire mosquitoes
  32 insubstantial wisps
  A steam dragon (D:9)
  An iron troll simulacrum (IceCv)
  21 soldier ants
  26 water moccasins
  7 wargs
  2 harpy simulacra (IceCv)
  42 nagas
  26 swamp worms
  2 hydra simulacra (IceCv)
  An acid dragon (D:13)
  14 hell hounds (Lair:6)
  10 porcupines
  Duvessa (D:4)
  12 swamp drakes
  11 black bears (Lair:6)
  5 sky beasts
  14 orc warriors
  3 ice beasts
  2 ettin simulacra (IceCv)
  6 swamp dragon zombies (Swamp:4)
  2 eyes of draining (D:4)
  12 ogres
  16 centaurs
  11 phantoms
  17 wolves
  13 crocodiles
  3 big kobolds
  Dowan (D:4)
  18 bullfrogs
  3 scorpions
  20 killer bees
  16 wights
  5 howler monkeys
  2 electric eels
  4 crimson imps
  4 jellies
  8 centaur zombies
  8 hounds
  2 quasits
  A bullfrog zombie (D:5)
  8 orc priests
  3 bullfrog skeletons
  7 centaur skeletons
  38 orc wizards
  4 iguanas
  Natasha (twice) (D:2)
  31 worker ants
  A killer bee zombie (D:9)
  A hound zombie (D:10)
  A worker ant zombie (D:11)
  Robin (D:4)
  21 adders
  2 gnolls
  A swamp drake zombie (Swamp:4)
  2 shadow imps
  2 oozes
  3 adder skeletons
  3 worms
  A dart slug (D:1)
  6 leopard geckos
  70 orcs
  5 bats
  5 giant cockroaches
  7 goblins
  11 hobgoblins
  15 jackals
  9 quokkas
  7 ball pythons
  4 frilled lizards
  A jackal skeleton (D:5)
  17 kobolds
  2 quokka skeletons
  10 rats
  2 briar patches (Swamp:3)
  A butterfly (Lair:3)
1221 creatures vanquished.

Vanquished Creatures (collateral kills)
  A thorn hunter (Swamp:3)
  A swamp dragon (Swamp:3)
  8 briar patches (Swamp:3)
10 creatures vanquished.

Vanquished Creatures (others)
  A hydra (Swamp:2)
  A naga sharpshooter (Snake:1)
  A salamander (Snake:3)
  A naga mage (Snake:3)
  2 spriggans (Swamp:4)
  A warg (Lair:6)
  A naga (Lair:2)
  2 orc wizards (Orc:2)
  An orc (Orc:2)
  A bush (Lair:6)
  13 fungi
  24 plants
49 creatures vanquished.

Grand Total: 1280 creatures vanquished

Notes
Turn   | Place    | Note
-------+----------+-------------------------------------------
     0 | D:1      | KristoblXynda the Draconian Artificer began the quest for the Orb.
     0 | D:1      | Reached XP level 1. HP: 16/16 MP: 3/3
   103 | D:1      | Found an iron altar of Okawaru.
   106 | D:1      | Reached XP level 2. HP: 17/23 MP: 4/4
   142 | D:1      | Became a worshipper of Warmaster Okawaru
   779 | D:1      | Reached XP level 3. HP: 28/28 MP: 5/5
   861 | D:2      | Found a faded altar of an unknown god.
  1028 | D:2      | Found an ornate altar of the Wu Jian Council.
  1029 | D:2      | Found a burning altar of Makhleb.
  1106 | D:2      | Noticed Natasha
  1118 | D:2      | Killed Natasha
  1118 | D:2      | Reached XP level 4. HP: 30/35 MP: 6/6
  1188 | D:2      | Noticed Natasha
  1193 | D:2      | Killed Natasha
  2083 | D:3      | Reached * piety under Okawaru
  2083 | D:3      | Reached XP level 5. HP: 40/40 MP: 7/7
  2555 | D:4      | Noticed Robin
  2587 | D:4      | Reached skill level 1 in Long Blades
  2588 | D:4      | Killed Robin
  2594 | D:4      | Noticed an eye of draining
  2596 | D:4      | Noticed an eye of draining
  2596 | D:4      | Found a bloodstained altar of Trog.
  2610 | D:4      | Killed an eye of draining
  2610 | D:4      | Reached XP level 6. HP: 31/47 MP: 0/9
  2619 | D:4      | Reached ** piety under Okawaru
  2650 | D:4      | Found a staircase to the Ecumenical Temple.
  2662 | Temple   | Entered the Ecumenical Temple
  2939 | D:4      | Noticed Duvessa
  2948 | D:4      | Killed Duvessa
  2948 | D:4      | Reached skill level 5 in Evocations
  2948 | D:4      | Your scales start taking on a pale cyan-grey colour.
  2948 | D:4      | Reached XP level 7. HP: 46/52 MP: 11/11
  2949 | D:4      | Noticed Dowan
  2961 | D:4      | Killed Dowan
  3490 | D:5      | Entered Level 5 of the Dungeon
  3696 | D:5      | Reached XP level 8. HP: 53/59 MP: 12/12
  3914 | D:5      | Reached skill level 5 in Dodging
  4162 | D:5      | Found a sparkling altar of Nemelex Xobeh.
  4485 | D:5      | Reached skill level 1 in Shields
  4595 | D:6      | Reached *** piety under Okawaru
  4621 | D:6      | Noticed blackwizard's ghost (novice TrSu)
  4660 | D:6      | Killed blackwizard's ghost
  4765 | D:6      | Reached skill level 5 in Short Blades
  4895 | D:6      | Reached XP level 9. HP: 50/64 MP: 14/14
  4998 | D:6      | Reached **** piety under Okawaru
  5389 | D:7      | Gained mutation: You tend to lose your temper in combat. [mutagenic meat]
  5390 | D:7      | Gained mutation: Your magical capacity is low. (-10% MP) [mutagenic meat]
  5444 | D:7      | Reached skill level 5 in Long Blades
  5856 | D:7      | Reached skill level 5 in Invocations
  6172 | D:7      | Reached skill level 5 in Shields
  6309 | D:7      | Found Zin's Purification Station.
  6310 | D:7      | Found a glowing silver altar of Zin.
  6376 | D:7      | Bought a potion of curing for 90 gold pieces
  6620 | D:7      | You fall through a shaft!
  6627 | D:8      | Noticed anet's ghost (novice DEWz)
  6659 | D:8      | Killed anet's ghost
  6659 | D:8      | Reached ***** piety under Okawaru
  6659 | D:8      | Received a gift from Okawaru
  6659 | D:8      | Reached XP level 10. HP: 16/78 MP: 6/13
  7485 | D:7      | Reached skill level 1 in Throwing
  7569 | D:8      | Found a white marble altar of Elyvilon.
  7570 | D:8      | Found an iron altar of Okawaru.
  7575 | D:8      | Found a sacrificial altar of Ru.
  7575 | D:8      | Found a shattered altar of Ashenzari.
  7577 | D:8      | Found a deep blue altar of Sif Muna.
  7577 | D:8      | Found a glowing golden altar of the Shining One.
  7664 | D:8      | Noticed a two-headed ogre
  7673 | D:8      | Killed a two-headed ogre
  7766 | D:8      | Received a gift from Okawaru
  8286 | D:8      | Found a staircase to the Lair.
  8740 | D:9      | Received a gift from Okawaru
  8817 | D:9      | Found Waleppok's Distillery.
  8820 | D:9      | Reached skill level 1 in Stealth
  8837 | D:9      | Bought a potion of mutation for 88 gold pieces
  8837 | D:9      | Lost mutation: You tend to lose your temper in combat. [potion of mutation]
  8837 | D:9      | Lost mutation: Your magical capacity is low. (-10% MP) [potion of mutation]
  8837 | D:9      | Gained mutation: Your flesh is cold resistant. (rC+) [potion of mutation]
  8837 | D:9      | Gained mutation: Your mind is acute. (Int +2) [potion of mutation]
  8947 | D:9      | Gained mutation: Your spells are a little easier to cast, but a little less powerful. [mutagenic meat]
  8948 | D:9      | Gained mutation: You evolve. [mutagenic meat]
  8949 | D:9      | Gained mutation: Your magical capacity is low. (-10% MP) [mutagenic meat]
  8950 | D:9      | Gained mutation: Your flesh is heat resistant. (rF+) [mutagenic meat]
  9324 | D:9      | Received a gift from Okawaru
  9329 | D:9      | Got a polished cloak {god gift}
  9340 | D:9      | Identified the +1 cloak of Goschash {*Drain rF+++ Str+5 Dex-4} (Okawaru gifted it to you on level 9 of the Dungeon)
  9445 | D:10     | Entered Level 10 of the Dungeon
  9918 | D:10     | Reached XP level 11. HP: 83/84 MP: 14/14
 10412 | D:11     | You fall through a shaft!
 10462 | D:12     | Noticed Psyche
 10470 | D:12     | Killed Psyche
 10471 | D:12     | Noticed a two-headed ogre
 10477 | D:12     | Killed a two-headed ogre
 10689 | D:12     | Reached skill level 5 in Stealth
 11138 | D:12     | Received a gift from Okawaru
 11230 | D:12     | Noticed an oklob plant
 11235 | D:12     | Killed an oklob plant
 11237 | D:12     | Gained mutation: Your magical capacity is very low. (-20% MP) [evolution]
 11362 | D:12     | Reached skill level 10 in Long Blades
 11600 | D:13     | Found Epiutis's Assorted Antiques.
 11609 | D:13     | Noticed a deep elf mage
 11615 | D:13     | Killed a deep elf mage
 11622 | D:13     | Reached skill level 10 in Shields
 11622 | D:13     | Reached XP level 12. HP: 73/91 MP: 14/14
 11652 | D:13     | Bought a shiny lead wand for 140 gold pieces
 11652 | D:13     | Bought a potion of curing for 105 gold pieces
 11835 | D:13     | Gained mutation: Your muscles are strong. (Str +2) [mutagenic meat]
 11838 | D:13     | Gained mutation: You do not regenerate when monsters are visible. [mutagenic meat]
 11839 | D:13     | Gained mutation: You are agile. (Dex +2) [mutagenic meat]
 11849 | D:13     | Learned a level 3 spell: Confuse
 12020 | D:13     | Reached ****** piety under Okawaru
 12100 | D:14     | Found Jotwyet's General Store.
 12127 | D:14     | Bought a scroll of enchant armour for 90 gold pieces
 12155 | D:14     | Noticed a death knight
 12156 | D:14     | Noticed a catoblepas
 12338 | D:11     | Noticed a two-headed ogre
 12341 | D:11     | Found a staircase to the Orcish Mines.
 12351 | D:11     | Killed a two-headed ogre
 12425 | D:11     | Lost mutation: You do not regenerate when monsters are visible. [mutagenic meat]
 12426 | D:11     | Lost mutation: Your mind is acute. (Int +2) [mutagenic meat]
 12427 | D:11     | Gained mutation: You expend magic power (3 MP) to strengthen your wands. [mutagenic meat]
 12428 | D:11     | Lost mutation: Your magical capacity is very low. (-20% MP) [mutagenic meat]
 12525 | D:11     | Gained mutation: You have a pair of small horns on your head. [evolution]
 12719 | D:11     | Noticed Erolcha
 12829 | D:11     | Killed Erolcha
 12829 | D:11     | Received a gift from Okawaru
 13160 | Lair:1   | Entered Level 1 of the Lair of Beasts
 13226 | Lair:1   | Reached skill level 10 in Evocations
 13307 | Lair:1   | Noticed a five-headed hydra
 13312 | Lair:1   | Killed a five-headed hydra
 14271 | Lair:2   | Found a staircase to the Snake Pit.
 14350 | Lair:2   | Reached XP level 13. HP: 58/96 MP: 18/18
 14401 | Lair:2   | Reached skill level 1 in Spellcasting
 14460 | Lair:2   | Lost mutation: You are agile. (Dex +2) [potion of mutation]
 14460 | Lair:2   | Lost mutation: Your flesh is cold resistant. (rC+) [potion of mutation]
 14460 | Lair:2   | Lost mutation: Your spells are a little easier to cast, but a little less powerful. [potion of mutation]
 14460 | Lair:2   | Lost mutation: Your muscles are strong. (Str +2) [potion of mutation]
 14460 | Lair:2   | Lost mutation: Your magical capacity is low. (-10% MP) [potion of mutation]
 14460 | Lair:2   | Gained mutation: You have sharp toenails. [potion of mutation]
 14460 | Lair:2   | Lost mutation: You expend magic power (3 MP) to strengthen your wands. [potion of mutation]
 14460 | Lair:2   | Gained mutation: Your magical capacity is low. (-10% MP) [potion of mutation]
 14460 | Lair:2   | Gained mutation: Your tail ends in a poisonous barb. [potion of mutation]
 14686 | Lair:2   | Gained mutation: Your spells are a little harder to cast, but a little more powerful. [evolution]
 15051 | Lair:3   | Got a pitted long sword
 15384 | Lair:3   | Received a gift from Okawaru
 15544 | Lair:3   | Gained mutation: You have razor-sharp toenails. [evolution]
 15591 | Lair:3   | Found a staircase to the Swamp.
 16013 | Lair:3   | Received a gift from Okawaru
 16016 | Lair:3   | Got a scorched demon blade {god gift}
 16017 | Lair:3   | Identified the +0 demon blade of the Equinox {freeze, MR+ Str+3} (Okawaru gifted it to you on level 3 of the Lair of Beasts)
 17876 | Lair:5   | Reached skill level 5 in Spellcasting
 18024 | Lair:5   | Received a gift from Okawaru
 18050 | Lair:5   | Got a jewelled cloak {god gift}
 18347 | Lair:5   | Identified the +0 cloak "Soakh" {Int+2 Dex+3} (Okawaru gifted it to you on level 5 of the Lair of Beasts)
 18709 | Lair:6   | Entered Level 6 of the Lair of Beasts
 19168 | Lair:6   | Reached XP level 14. HP: 70/104 MP: 20/20
 19466 | Lair:6   | Reached skill level 1 in Hexes
 20219 | Lair:6   | Got a wavering lead ring
 20395 | Lair:6   | Received a gift from Okawaru
 20420 | Lair:6   | Got a pair of translucent boots {god gift}
 20509 | Lair:6   | Identified the +1 pair of boots "Tim Gylla" {Str+4} (Okawaru gifted it to you on level 6 of the Lair of Beasts)
 21458 | Lair:6   | Found a viscous altar of Jiyva.
 21458 | Lair:6   | Found a staircase to the Slime Pits.
 21949 | Lair:6   | Reached skill level 5 in Throwing
 22119 | Lair:1   | Identified the ring "Qarhudgh" {*Corrode MP+9 Str+6 SInv} (You found it on level 6 of the Lair of Beasts)
 22281 | Orc:1    | Entered Level 1 of the Orcish Mines
 22281 | Orc:1    | Found a roughly hewn altar of Beogh.
 22561 | Orc:2    | Entered Level 2 of the Orcish Mines
 22574 | Orc:2    | Learned a level 5 spell: Summon Forest
 22585 | Orc:2    | Found a roughly hewn altar of Beogh.
 22811 | Orc:2    | Paralysed by an orc sorcerer for 7 turns
 22961 | Orc:2    | Found Atoosilu's Magic Scroll Emporium.
 22973 | Orc:2    | Received a gift from Okawaru
 23001 | Orc:2    | Bought a scroll of brand weapon for 320 gold pieces
 23001 | Orc:2    | Bought a scroll of recharging for 152 gold pieces
 23001 | Orc:2    | Bought a scroll of enchant weapon for 120 gold pieces
 23008 | Orc:2    | Found Ihayps's Magic Scroll Shop.
 23024 | Orc:2    | Bought a scroll of teleportation for 42 gold pieces
 23035 | Orc:2    | Found a roughly hewn altar of Beogh.
 23079 | Orc:2    | Found Axigub's Antique Weapon Shop.
 23079 | Orc:2    | Found Zeofuemp's Gadget Emporium.
 23170 | Orc:2    | Found Vonoiw's Book Shop.
 23178 | Orc:2    | Bought a book of Air for 595 gold pieces
 23256 | Orc:2    | Found a staircase to the Elven Halls.
 24014 | Snake:1  | Entered Level 1 of the Snake Pit
 24037 | Snake:1  | Reached XP level 15. HP: 45/110 MP: 21/21
 26008 | Snake:1  | Found a shattered altar of Ashenzari.
 26031 | Snake:1  | Received a gift from Okawaru
 26056 | Snake:1  | Got a dazzling hat {god gift}
 26323 | Snake:1  | Identified the +2 hat of the Seven Dreams {rN+ Dex+3} (Okawaru gifted it to you on level 1 of the Snake Pit)
 27048 | Snake:1  | Reached skill level 15 in Shields
 27437 | Snake:2  | Noticed Aizul
 28023 | Snake:2  | Found Ciulic's Jewellery Shoppe.
 28071 | Snake:2  | Bought the amulet "Vopenyc" {rC+ Regen+} for 836 gold pieces
 28404 | Snake:2  | Noticed Kenran's ghost (adept HuBe)
 28473 | Snake:2  | Killed Aizul
 28590 | Snake:2  | Killed Kenran's ghost
 28590 | Snake:2  | Reached skill level 5 in Fighting
 28967 | Snake:2  | Noticed Vashnia
 29006 | Snake:2  | Killed Vashnia
 29006 | Snake:2  | Received a gift from Okawaru
 29006 | Snake:2  | Reached XP level 16. HP: 40/121 MP: 23/23
 29321 | Snake:2  | Identified a +0 pair of boots of running (Okawaru gifted it to you on level 2 of the Snake Pit)
 30459 | Swamp:1  | Entered Level 1 of the Swamp
 30531 | Swamp:1  | Found a frozen archway.
 30549 | IceCv    | Entered an ice cave
 31281 | IceCv    | Noticed an Ice Fiend
 31298 | IceCv    | Killed an Ice Fiend
 31860 | Swamp:1  | Received a gift from Okawaru
 31863 | Swamp:1  | Got a pair of jewelled boots {god gift}
 31874 | Swamp:1  | Identified the +1 pair of boots of the Hidden Dreams {+Inv rElec} (Okawaru gifted it to you on level 1 of the Swamp)
 33266 | Swamp:3  | Noticed a thorn hunter
 33276 | Swamp:3  | Killed a thorn hunter
 33445 | Swamp:3  | Noticed Kirke
 33814 | Swamp:3  | Reached XP level 17. HP: 101/128 MP: 25/25
 34354 | Swamp:3  | Killed Kirke
 34494 | Swamp:4  | Entered Level 4 of the Swamp
 34596 | Swamp:4  | Received a gift from Okawaru
 34599 | Swamp:4  | Got a polished demon blade {god gift}
 34600 | Swamp:4  | Identified the +1 demon blade "Ecos" {elec, +Inv} (Okawaru gifted it to you on level 4 of the Swamp)
 34907 | Swamp:4  | Reached skill level 15 in Evocations
 34973 | Swamp:4  | Reached skill level 10 in Dodging
 35188 | Swamp:4  | Noticed a tentacled monstrosity
 35207 | Swamp:4  | Killed a tentacled monstrosity
 35895 | Swamp:4  | Reached skill level 1 in Summonings
 36248 | Swamp:4  | Received a gift from Okawaru
 36533 | Swamp:4  | Noticed a bone dragon
 36776 | Swamp:4  | Killed a bone dragon
 36800 | Swamp:4  | Got a decaying rune of Zot
 37436 | D:14     | Got an ichor-stained long sword
 37437 | D:14     | Identified the +3 long sword of the Eternal Void {protect, *Noise rF+ rN++ Dex+4} (You found it on level 14 of the Dungeon)
 37461 | D:14     | Reached skill level 5 in Hexes
 37528 | D:14     | Reached skill level 10 in Stealth
 37548 | D:14     | Found a gate to the Vaults.
 37598 | D:14     | Received a gift from Okawaru
 37598 | D:14     | Reached skill level 1 in Translocations
 37642 | D:14     | Got a brightly glowing scarf {god gift}
 37643 | D:14     | Identified the scarf of Valiance {*Drain Str+6} (Okawaru gifted it to you on level 14 of the Dungeon)
 37832 | D:14     | Bought a scroll of enchant armour for 90 gold pieces
 38016 | D:14     | Found a glowing golden altar of the Shining One.
 38136 | D:15     | Entered Level 15 of the Dungeon
 38255 | D:15     | Found Wainotog's Food Boutique.
 38697 | D:15     | Found a staircase to the Depths.
 38926 | D:15     | Reached XP level 18. HP: 135/135 MP: 26/26
 38944 | D:15     | Reached skill level 5 in Summonings
 40023 | Snake:3  | Received a gift from Okawaru
 40229 | Snake:4  | Entered Level 4 of the Snake Pit
 40976 | Snake:4  | Reached skill level 5 in Translocations
 40983 | Snake:4  | Killed from afar by a nagaraja

Vault maps used:
D:1:      scummos_arrival_gate, okawaru_ov_weapons_minmay
D:2:      gammafunk_temple_overflow_statue, serial_aquarium,
          aquarium_bridge_long_joined, aquarium_bridge_square,
          aquarium_window_corner, aquarium_window_corridor_2, aquarium_view_2d,
          aquarium_pool_1, chequers_ecumenical_altar_lobes, uniq_natasha
D:4:      trog_eyes_of_draining, minmay_temple_entry_crystal_x, first_bread,
          uniq_duvessa, uniq_robin
D:5:      lemuel_round_altar
D:7:      zin_purify, the_bakery
D:8:      grunt_temple_overflow_open, david_lair_shrubbed, minivault_22,
          kennysheep_dice
D:9:      serial_shops, shop, hangedman_abyss_or_decor_lesser_grid
D:11:     orc_david_3, uniq_erolcha
D:12:     evilmike_surprise_oklob, uniq_psyche
D:13:     serial_shops, shop
D:14:     david_vaults_5, tso_metal_star, serial_shops, shop
D:15:     grunt_enter_depths_hoard, minmay_misc_feat_columns, serial_shops,
          shop, hangedman_weighted_door, st_stairs_8, minmay_librarian
Temple:   chequers_temple_sunken
Lair:1:   serial_bayou_pond_c
Lair:2:   guppyfry_snake_entry_island, serial_bayou_ford_a
Lair:3:   nicolae_swamp_entry_splash_gauntlet, minivault_29, grunt_megastairs_1,
          lemuel_fruit_fields
Lair:4:   lemuel_fruit_tree, grunt_megastairs_4
Lair:5:   minmay_lair_drake_nest
Lair:6:   hangedman_lair_caniforms_friends, dpeg_slime_entry_enclosed_altar
Swamp:1:  portal_ice_cave_entry_pillars_1, evilmike_swamp_ruin_house_5
Swamp:2:  evilmike_swamp_ruin_rubble_1, swamp_pool1
Swamp:3:  evilmike_swamp_ruin_rubble_2, swamp_pool1, st_swamp_ruins_4,
          uniq_kirke
Swamp:4:  swamp_pestilence
Snake:1:  basic_altar
Snake:2:  serial_shops, shop, uniq_vashnia, uniq_aizul
Snake:3:  serial_bayou_shore_b
Snake:4:  grunt_snake_rune_serpentine_throne, nicolae_snake_springs
Orc:1:    basic_altar
Orc:2:    st_orc_town, basic_altar, serial_shops,
          nicolae_shop_temple_entry_statues_fountains, guppyfry_library_mini
IceCv:    ice_cave_tombish

Skill      XL: |  1  2  3  4  5  6  7  8  9 10 11 12 13 14 15 16 17 18 |
---------------+-------------------------------------------------------+-----
Dodging        | 2 3 4 5 7 9 10 | 10.1
Short Blades   | 2 3 5 |  5.4
Evocations     | 4 5 6 7 8 10 11 12 14 15 | 15.1
Long Blades    | 1 3 4 6 8 10 11 13 14 | 14.7
Shields        | 3 6 8 10 11 12 14 15 | 15.1
Invocations    | 3 5 7 8 |  8.8
Fighting       | 3 4 5 6 |  6.0
Throwing       | 3 5 |  5.0
Stealth        | 3 5 8 10 | 10.1
Spellcasting   | 5 7 |  7.8
Hexes          | 3 5 |  5.0
Summonings     | 4 6 |  6.2
Translocations | 3 5 |  5.0

Action                   |  1- 3 |  4- 6 |  7- 9 | 10-12 | 13-15 | 16-18 || total
-------------------------+-------+-------+-------+-------+-------+-------++-------
Melee: Short sword       |   128 |   105 |       |       |       |       ||   233
       Tailslap          |     7 |    31 |    47 |   134 |   311 |   480 ||  1010
       Falchion          |       |    61 |   168 |   104 |       |       ||   333
       Long sword        |       |       |   179 |   393 |       |       ||   572
       Scimitar          |       |       |       |   343 |  1571 |  1808 ||  3722
       Headbutt          |       |       |       |    39 |   418 |   672 ||  1129
       Demon blade       |       |       |       |       |   110 |    14 ||   124
       Unarmed           |       |       |       |       |       |    20 ||    20
Throw: Javelin           |       |       |       |     4 |    10 |    13 ||    27
 Abil: Breathe Steam     |       |       |     8 |    21 |    21 |    45 ||    95
Evoke: Wand              |       |     4 |     2 |    22 |     7 |    26 ||    61
       Lamp of fire      |       |       |       |     1 |     2 |     4 ||     7
  Use: Scroll            |       |    13 |     5 |    20 |    17 |    23 ||    78
       Potion            |       |     3 |     3 |     4 |    15 |    15 ||    40
 Stab: Sleeping          |     1 |     1 |     2 |    11 |     6 |    19 ||    40
       Distracted        |       |       |       |     1 |     2 |     7 ||    10
       Paralysed         |       |       |       |       |       |     9 ||     9
  Eat: Chunk             |       |     4 |    11 |    20 |    23 |    11 ||    69
       Royal jelly       |       |     1 |     2 |     4 |     3 |     1 ||    11
       Fruit             |       |       |     1 |     3 |    10 |     2 ||    16
       Meat ration       |       |       |       |     3 |     3 |     5 ||    11
       Bread ration      |       |       |       |       |       |     2 ||     2
Armor: Skin              |    44 |    50 |   153 |   189 |   222 |   360 ||  1018
Dodge: Dodged            |    98 |   123 |   262 |   459 |   696 |  1162 ||  2800
Block: Shield            |       |       |       |   437 |  1245 |  1244 ||  2926
       Reflection        |       |       |       |     2 |    51 |       ||    53
       Rpst.: Falchion   |       |    21 |    34 |     6 |       |       ||    61
       Long sword        |       |       |    47 |    49 |       |       ||    96
       Scimitar          |       |       |       |    42 |   158 |   201 ||   401
       Demon blade       |       |       |       |       |     7 |     1 ||     8
